 Dungeon Crawl Stone Soup version 0.29.1-2-gbd0b4ee654 (webtiles) character file.

Game seed: 13741108859738523850

98 Uniporpoise the Insei (level 4, -2/29 HPs)
             Began as an Octopode Transmuter on Oct 27, 2022.
             Slain by a phantom (6 damage)
             ... on level 2 of the Dungeon.
             The game lasted 00:03:11 (2612 turns).

Uniporpoise the Insei (Octopode Transmuter)         Turns: 2612, Time: 00:03:11

Health: -2/29      AC:  2    Str:  9    XL:     4   Next: 71%
Magic:  4/7        EV: 20    Int: 17    God:
Gold:   96         SH:  0    Dex: 17    Spells: 4/8 levels left

rFire   . . .      SeeInvis .     - Unarmed
rCold   . . .      Faith    .   (shield currently unavailable)
rNeg    . . .      Spirit   .   (helmet currently unavailable)
rPois   .          Reflect  .   (no amulet)
rElec   .          Harm     .   g - ring of poison resistance
rCorr   .          Rampage  .   (no ring)
Will    .....                   (no ring)
Stlth   ++........              (no ring)
HPRegen 0.09/turn               (no ring)
MPRegen 0.10/turn               (no ring)
                                (no ring)
                                (no ring)

@: spider-form (expiring), hasted, invisible, very quick
A: venomous fangs, almost no armour, (amphibious), 8 rings, tiny, (camouflage
1), (gelatinous body 1), (nimble swimmer 1), (tentacles)
a: End Transformation


You were on level 2 of the Dungeon.
You were a venomous arachnid creature.
You visited 1 branch of the dungeon, and saw 3 of its levels.

You collected 96 gold pieces.

Inventory:

Jewellery
 g - a ring of poison resistance (left front leg)
Scrolls
 b - a scroll of teleportation {unknown}
 e - 2 scrolls of identify {unknown}
 f - a scroll of magic mapping {unknown}
 h - a scroll of blinking {unknown}
Potions
 a - 2 potions of lignification


   Skills:
 + Level 1.9 Fighting
 + Level 2.7 Dodging
 + Level 3.4 Unarmed Combat
 + Level 2.5 Spellcasting
 + Level 2.6 Transmutations
 + Level 1.1 Poison Magic


You had 4 spell levels left.
You knew the following spells:

 Your Spells              Type           Power      Damage    Failure   Level
a - Beastly Appendage     Tmut           22%        N/A       17%         1
b - Spider Form           Tmut/Pois      8%         N/A       47%         3

Your spell library contained the following spells:

 Spells                   Type           Power      Damage    Failure   Level
 Wereblood                Tmut           11%        N/A       24%         2
 Blink                    Tloc           4%         N/A       50%         2
 Lesser Beckoning         Tloc           2%         N/A       71%         3
 Ice Form                 Ice/Tmut       6%         N/A       87%         4
 Manifold Assault         Tloc           2%         N/A       100%        5


Dungeon Overview and Level Annotations

Branches:
Dungeon (3/15)

Altars:
Okawaru

Shops:
D:2 (

Annotations:
D:3 Sigmund


Innate Abilities, Weirdness & Mutations

You are a venomous arachnid creature.
You have poisonous fangs.
You are tiny and dextrous.
Your spellcasting is less reliable in this form.
Your armour is entirely melded.
You are incapable of wielding weapons or throwing items.
You cannot wear most types of armour.
((You are amphibious.))
You can wear up to eight rings at the same time.
((Your skin changes colour to match your surroundings (Stealth+).))
((Your rubbery body absorbs attacks. (AC +1, EV +1)))
((You are camouflaged when in or above water. (Stealth+)))
((You have tentacles for arms and can constrict up to eight enemies at once.))


Message History

You kill the ball python!
The phantom hits you.
* * * LOW HITPOINT WARNING * * *
The phantom blinks!
You blink.
It was a potion of haste.
You feel yourself speed up. The phantom barely misses you.
Okay, then.
You hit the phantom but do no damage.
The phantom is moderately damaged.
The phantom misses you.
You hit the phantom.
The phantom is moderately damaged.
You closely miss the phantom.
The phantom is moderately damaged.
The phantom hits you.
* * * LOW HITPOINT WARNING * * *
It was a potion of invisibility.
You fade into invisibility!
The phantom closely misses you.
You closely miss the phantom.
The phantom is moderately damaged.
You barely miss the phantom.
The phantom is moderately damaged.
Your transformation is almost over.
The phantom misses you.
You hit the phantom.
The phantom is heavily damaged.
The phantom completely misses you.
You hit the phantom but do no damage.
The phantom is heavily damaged.
You hit the phantom.
The phantom is heavily damaged.
The phantom closely misses you.
You strike the helpless phantom from behind!
You hit the phantom.
The phantom is heavily damaged.
You barely miss the phantom.
The phantom is heavily damaged.
The phantom hits you.
You die...

##.###### ###........
######....##.###
#.......#....##.
##.###........##[
#####....#...#.#####.
#......#..>..........
#..............#####.
#...s.########.###...
##....W# #.......
#...#### ####.###
#.### #.... #.# #..##
#####.## #..#
#......########
#####..##
#......##.....#
#........
#......##..[..#
##.##.###


You could see a phantom (unable to see you).

Vanquished Creatures
  Jessica (D:2)
  3 adders (D:2)
  A worm (D:2)
  3 dart slugs
  2 endoplasms (D:1)
  4 goblins
  3 hobgoblins (D:1)
  3 jackals (D:1)
  5 kobolds
  3 ball pythons
  3 bats
  3 frilled lizards (D:1)
  4 rats
38 creatures vanquished.

Notes
Turn   | Place    | Note
-------+----------+-------------------------------------------
     0 | D:1      | Uniporpoise the Octopode Transmuter began the quest for the
                  | Orb.
     0 | D:1      | Reached XP level 1. HP: 13/13 MP: 3/3
   604 | D:1      | Reached XP level 2. HP: 18/18 MP: 3/5
  1226 | D:1      | Reached XP level 3. HP: 23/23 MP: 4/6
  1236 | D:1      | Learned a level 3 spell: Spider Form
  1299 | D:1      | Found an iron altar of Okawaru.
  1641 | D:2      | Found Tucudum's Weapon Shoppe.
  1940 | D:2      | Reached XP level 4. HP: 21/29 MP: 5/7
  2340 | D:2      | Noticed Jessica
  2350 | D:2      | Killed Jessica
  2351 | D:2      | Reached skill level 1 in Poison Magic
  2351 | D:2      | Found a faded altar of an unknown god.
  2569 | D:3      | Noticed a phantom
  2579 | D:3      | Noticed Sigmund
  2612 | D:2      | Slain by a phantom

Illustrated notes

Levels and vault maps discovered:
D:1:      dpeg_arrival_water_altar, layout_basic
D:2:      layout_basic, nicolae_ecumenical_oubliette, serial_shops, shop_statue,
          uniq_jessica
D:3:      layout_basic, chequers_temple_overflow_statue_of_worship,
          serial_shops, shop, kennysheep_nub, uniq_sigmund

Skill      XL: |  1  2  3  4 |
---------------+-------------+-----
Poison Magic   | 1 |  1.1
Fighting       | |  1.9
Dodging        | |  2.7
Unarmed Combat | |  3.4
Spellcasting   | |  2.5
Transmutations | |  2.6

Action                   |  1- 3 |  4- 6 || total
-------------------------+-------+-------++-------
Melee: Unarmed           |    65 |    35 ||   100
       Tentacles         |    15 |     4 ||    19
       Constrict         |    20 |     3 ||    23
       Kick              |    14 |     2 ||    16
       Punch             |     2 |       ||     2
 Cast: Beastly Appendage |    19 |     6 ||    25
       Spider Form       |       |     2 ||     2
  Use: Potion            |       |     2 ||     2
 Stab: Sleeping          |     5 |     1 ||     6
       Invisible         |       |     1 ||     1
Armor: Skin              |     2 |     2 ||     4
Dodge: Dodged            |    34 |    31 ||    65
